 Dungeon Crawl Stone Soup version 0.28.0 (webtiles) character file.

Game seed: 11508939187547783730

344 croobank the Sneak (level 6, -4/30 HPs)
             Began as a Vine Stalker Enchanter on Feb 4, 2022.
             Slain by an orc priest (10 damage)
             ... on level 5 of the Dungeon.
             The game lasted 00:13:44 (2517 turns).

croobank the Sneak (Vine Stalker Enchanter)         Turns: 2517, Time: 00:13:44

Health: -4/30      AC:  4    Str: 11    XL:     6   Next: 58%
Magic:  0/10       EV: 13    Int: 17    God:
Gold:   105        SH:  0    Dex: 20    Spells: 4/10 levels left

rFire   . . .      SeeInvis .   a - +1 dagger
rCold   . . .      Faith    .   (no shield)
rNeg    + . .      Spirit   +   f - +0 robe
rPois   .          Reflect  .   i - +1 helmet
rElec   .          Harm     .   (no cloak)
rCorr   .          Rampage  .   (no gloves)
Will    .....                   (no boots)
Stlth   +++.......              (no amulet)
HPRegen 0.90/turn               e - ring of positive energy
MPRegen 0.12/turn               q - +6 ring of dexterity

@: no status effects
A: fangs 2, regeneration 1, magic shield, antimagic bite, no potion heal 2
a: no special abilities


You were on level 5 of the Dungeon.
You visited 1 branch of the dungeon, and saw 5 of its levels.

You collected 105 gold pieces.

Inventory:

Hand Weapons
 a - a +1 dagger (weapon)
 b - the +8 arbalest of Xaima Jovo {venom, rF++}
   (You acquired it on level 4 of the Dungeon)

   Any ammunition fired from it poisons the flesh of those it strikes.
   rF:        It greatly protects you from fire.
 x - a +0 rapier
Missiles
 o - 106 stones (quivered)
 r - 6 poisoned darts
 t - 19 arrows
Armour
 f - a +0 robe (worn)
 i - a +1 helmet (worn)
 m - a +0 buckler
 s - a +0 ring mail
Magical Staves
 u - a staff of conjuration
Jewellery
 e - a ring of positive energy (left hand)
 q - a +6 ring of dexterity (right hand)
Wands
 y - a wand of paralysis (9)
Scrolls
 h - a scroll of summoning
 w - a scroll of vulnerability {unknown}
Potions
 c - a potion of invisibility
 d - 2 potions of flight {unknown}
 p - a potion of lignification {unknown}
 v - a potion of haste {unknown}


   Skills:
 + Level 1.4 Fighting
 + Level 3.0 Short Blades
 + Level 2.8 Dodging
 + Level 5.2 Stealth
 + Level 2.5 Spellcasting
 + Level 3.8 Hexes
 + Level 1.0 Ice Magic


You had 4 spell levels left.
You knew the following spells:

 Your Spells              Type           Power      Damage    Failure   Level
a - Ensorcelled Hibernat  Hex/Ice        20%        N/A       11%         2
b - Slow                  Hex            60%        N/A       3%          1
c - Confusing Touch       Hex            15%        N/A       12%         3

Your spell library contained the following spells:

 Spells                   Type           Power      Damage    Failure   Level
 Tukima's Dance           Hex            15%        N/A       12%         3
 Dazzling Flash           Conj/Hex       16%        N/A       26%         3
 Vampiric Draining        Necr           2%         2d6       50%         3
 Anguish                  Hex/Necr       4%         N/A       63%         4
 Enfeeble                 Hex            7%         N/A       100%        7


Dungeon Overview and Level Annotations

Branches:
Dungeon (5/15)
 Temple: D:4-7

Altars:
Cheibriados

Shops:
D:5 [

Annotations:
D:3 Grinder


Innate Abilities, Weirdness & Mutations

You have extremely sharp teeth.
Your natural rate of healing is unusually fast.
When hurt, damage is shared between your health and your magic reserves.
Your bite disrupts and absorbs the magic of your enemies.
Potions cannot restore your health.


Message History

You bite the orc priest. You drain its power.
The orc priest is heavily wounded.
The orc priest hits you but does no damage.
The orc priest drinks a potion.
The orc priest seems to grow stronger.
You hit the orc priest but do no damage.
You bite the orc priest. You drain its power.
The orc priest is heavily wounded.
The orc priest calls down the wrath of Beogh upon you.
Beogh smites you!
You hit the orc priest.
The orc priest is heavily wounded.
The orc wizard mumbles some strange words.
The orc wizard flickers and vanishes!
Deactivating autopickup; reactivate with Ctrl-A.
The orc priest barely misses you.
You hit the orc priest. Your bite misses the orc priest.
The orc priest is severely wounded.
You barely miss the orc priest. Your bite misses the orc priest.
The orc priest is severely wounded.
The orc priest hits you with a +0 flail!
* * * LOW HITPOINT WARNING * * *
An orc comes into view. It is wielding a +0 club.
An orc comes into view. It is wielding a +0 hand axe.
The orc shouts!
A centaur skeleton comes into view.
There is a stone staircase leading down here.
Something hits you but does no damage.
The orc priest hits you with a +0 flail!
* * * LOW HITPOINT WARNING * * *
The orc priest misses you.
You climb downwards.
Reactivating autopickup.
Found Guewned's Armour Emporium.
There is a stone staircase leading up here.
You hit the orc priest.
The orc priest is almost dead.
Something hits you but does no damage.
Deactivating autopickup; reactivate with Ctrl-A.
The orc priest hits you with a +0 flail!
You die...

#.##.#+##.
#.8.8.8..#
#..⌠.⌠...##
##.8.∩.8....
##...⌠.⌠...
#...8Z8.8
#......#
+....@.#
#...o#.#
#.... +#
#.... ##+##


You could see an orc priest (strong) and a howler monkey skeleton (dormant).

Vanquished Creatures
  An ogre (D:4)
  A scorpion (D:4)
  Robin (D:3)
  9 adders
  A howler monkey skeleton (D:4)
  An adder skeleton (D:4)
  3 worms
  7 dart slugs
  5 ball pythons
  6 bats
  3 endoplasms (D:2)
  3 giant cockroaches
  11 goblins
  10 hobgoblins
  5 jackals
  2 quokkas (D:1)
  A frilled lizard (D:3)
  A kobold (D:4)
  7 rats
78 creatures vanquished.

Vanquished Creatures (others)
  14 plants (D:1)
14 creatures vanquished.

Grand Total: 92 creatures vanquished

Notes
Turn   | Place    | Note
-------+----------+-------------------------------------------
     0 | D:1      | croobank the Vine Stalker Enchanter began the quest for the
                  | Orb.
     0 | D:1      | Reached XP level 1. HP: 9/9 MP: 4/4
   207 | D:1      | Reached XP level 2. HP: 13/13 MP: 6/6
   650 | D:1      | Reached skill level 1 in Short Blades
   655 | D:1      | Found a faded altar of an unknown god.
   938 | D:1      | Reached XP level 3. HP: 16/16 MP: 7/7
  1054 | D:1      | Learned a level 2 spell: Ensorcelled Hibernation
  1320 | D:2      | Reached skill level 4 in Stealth
  1395 | D:2      | Gained mutation: Your natural rate of healing is unusually
                  | fast. [Vine Stalker growth]
  1395 | D:2      | Reached XP level 4. HP: 21/21 MP: 8/8
  1738 | D:3      | Found a snail-covered altar of Cheibriados.
  1740 | D:3      | Noticed Robin
  1795 | D:3      | Reached XP level 5. HP: 25/25 MP: 9/9
  1862 | D:3      | Killed Robin
  2225 | D:3      | Learned a level 1 spell: Slow
  2229 | D:3      | Learned a level 3 spell: Confusing Touch
  2240 | D:3      | Noticed Grinder
  2328 | D:4      | Reached skill level 1 in Fighting
  2328 | D:4      | Reached skill level 5 in Stealth
  2328 | D:4      | Reached XP level 6. HP: 8/30 MP: 1/10
  2451 | D:4      | Reached skill level 1 in Ice Magic
  2489 | D:4      | Identified a scroll of acquirement
  2490 | D:4      | Acquired the +8 arbalest of Xaima Jovo {venom, rF++}
  2516 | D:5      | Entered Level 5 of the Dungeon
  2516 | D:5      | Found Guewned's Armour Emporium.
  2517 | D:5      | Slain by an orc priest

Illustrated notes

Levels and vault maps discovered:
D:1:      evilmike_arrival_plus, layout_loops_ring,
          dilly_ecumenical_altar_fadedgnrine, minmay_tripent
D:2:      layout_rooms
D:3:      layout_basic, kennysheep_slug_shrine, uniq_robin, uniq_grinder
D:4:      layout_basic, nicolae_ossuary_entry_giza, hangedman_decor_push,
          minmay_misc_feat_nine_boxes, chequers_serial_rivers_small_a, uniq_ijyb
D:5:      layout_basic, trog_three_pillars_becter,
          minmay_temple_entry_junction_2, serial_shops, nicolae_shop_trees,
          nicolae_shop_temple_entry_statues_fountains, nicolae_square_shop,
          uniq_edmund

Skill      XL: |  1  2  3  4  5  6 |
---------------+-------------------+-----
Short Blades   | 1 2 3 |  3.0
Dodging        | 2 |  2.8
Stealth        | 4 5 |  5.2
Fighting       | 1 |  1.4
Ice Magic      | 1 |  1.0
Spellcasting   | |  2.5
Hexes          | |  3.8

Action                   |  1- 3 |  4- 6 || total
-------------------------+-------+-------++-------
Melee: Dagger            |    90 |   175 ||   265
       Bite              |    21 |    56 ||    77
       Punch             |     3 |     1 ||     4
 Cast: Ensorcelled Hiber |     2 |     6 ||     8
       Confusing Touch   |       |     1 ||     1
  Use: Scroll            |       |     7 ||     7
 Stab: Sleeping          |     7 |    12 ||    19
Armor: Robe              |    19 |    40 ||    59
Dodge: Dodged            |    51 |   104 ||   155
